 Dungeon Crawl Stone Soup version 0.31-a0-1447-g87ca8d402b (webtiles) character file.

Game seed: 1398632839204658420

6255 DWTD the Grappler (level 10, -6/109 HPs)
             Began as a Troll Gladiator on Dec 27, 2023.
             Mangled by a centaur
             ... wielding a +0 halberd
              (12 damage)
             ... in a bailey.
             The game lasted 00:10:46 (6127 turns).

DWTD the Grappler (Troll Gladiator)                 Turns: 6127, Time: 00:10:46

Health: -6/109     AC:  7    Str: 28    XL:     10   Next: 62%
Magic:  9/9        EV: 10    Int:  4    God:
Gold:   436        SH:  5    Dex: 11    Spells: 9/9 levels left

rFire   . .          .
                       - Unarmed
rCold   . . .        (no shield)
rNeg    . . .        x - +2 robe
rPois   .            b - +0 hat
rElec   .            y - +0 cloak
rCorr   .            (gloves unavailable)
SInv    .            (boots unavailable)
Will    .....        f - amulet of reflection
Stlth   +            (no ring)
HPRegen 1.18/turn    (no ring)
MPRegen 0.11/turn

%: reflection
@: no status effects
A: large, unfitting armour, claws 3, regeneration 1, shaggy fur 1, tough skin 1
a: no special abilities


You were in a bailey.
You visited 1 branch of the dungeon, and saw 9 of its levels.
You also visited: Bailey.

You collected 436 gold pieces.

Inventory:

Missiles
 d - 5 large rocks
Armour
 a - a +0 robe
 b - a +0 hat (worn)
 o - a +0 cloak
 x - a +2 robe (worn)
 y - a +0 cloak (worn)
Jewellery
 f - an amulet of reflection (around neck)
 m - a ring of magical power
Wands
 p - a wand of charming (9)
 t - a wand of flame (15)
 u - a wand of light (7)
Scrolls
 e - 7 scrolls of fear {unknown}
 h - 9 scrolls of identify {unknown}
 i - a scroll of brand weapon {unknown}
 j - 2 scrolls of immolation {unknown}
 k - a scroll of summoning {unknown}
 l - 2 scrolls of enchant weapon
 n - a scroll of blinking {unknown}
 r - a scroll of noise {unknown}
 s - 3 scrolls of teleportation {unknown}
 v - a scroll of enchant armour {unknown}
 B - a scroll of amnesia {unknown}
Potions
 g - 2 potions of enlightenment
 q - 3 potions of curing
 z - a potion of attraction {unknown}
 A - a potion of might {unknown}


   Skills:
 + Level 9.7 Fighting
 - Level 1.7 Throwing
 - Level 2.4 Dodging
 + Level 11.9 Unarmed Combat


You had 9 spell levels left.
You didn't know any spells.
Your spell library contained the following spells:

 Spells                   Type           Power      Damage    Failure   Level
 Sandblast                Erth           0%         2d4       50%         1
 Sting                    Conj/Alch      0%         1d3       50%         1
 Mercury Vapours          Alch/Air       0%         N/A       65%         2
 Passwall                 Erth           0%         N/A       86%         3
 Stone Arrow              Conj/Erth      0%         3d7       86%         3
 Tukima's Dance           Hex            0%         N/A       86%         3
 Brom's Barrelling Bould  Conj/Erth      0%         2d3       99%         4
 Dimensional Bullseye     Hex/Tloc       0%         N/A       99%         4
 Iskenderun's Mystic Bla  Conj/Tloc      0%         2d3       99%         4
 Olgreb's Toxic Radiance  Alch           0%         N/A       99%         4


Dungeon Overview and Level Annotations

Branches:
Dungeon (9/15)             Temple (0/1) D:5          Bailey (1/1)
   Lair: D:8-11         Orc: D:9-12

Altars:

Shops:
D:1 [

Annotations:
D:7 1 transporter, flestrin's ghost, novice MiBe


Innate Abilities, Weirdness & Mutations

You are too large for most types of armour.
You have claws for hands.
Your natural rate of healing is unusually fast.
You are covered in fur. (AC +1)
You have tough skin. (AC +1)


Message History

The centaur throws a javelin.
The javelin pierces through you but does no damage.
An orc comes into view. It is wielding a +0 spear.
The orc misses you.
The centaur throws a javelin.
The javelin closely misses you. The orc hits you but does no damage.
Unknown command.
The orc attacks as it pursues you!
The orc splashes around in the water.
Okay, then.
You feel much better.
The orc shouts!
The orc warrior hits you from afar with a +0 glaive!
The orc warrior attacks as it pursues you!
The orc warrior hits you from afar with a +0 glaive!
Unknown command.
The centaur throws a javelin.
The javelin pierces through you.
The centaur throws a javelin.
The javelin closely misses you.
The centaur throws a javelin.
The javelin pierces through you!
* * * LOW HITPOINT WARNING * * *
You block the orc's attack. The centaur closely misses you.
The orc warrior hits you from afar with a +0 glaive!
* * * LOW HITPOINT WARNING * * *
The centaur throws a javelin.
The javelin pierces through you but does no damage.
The centaur throws a javelin.
The javelin pierces through you.
* * * LOW HITPOINT WARNING * * *
You block the orc's attack.
The centaur hits you but does no damage.
The centaur closely misses you.
The centaur throws a javelin.
The javelin pierces through you.
* * * LOW HITPOINT WARNING * * *
You barely miss the centaur. You block the centaur's attack.
The centaur barely misses you.
The orc hits you from afar with a +0 halberd!
* * * LOW HITPOINT WARNING * * *
Unknown command.
You claw the centaur!
The centaur is heavily wounded.
The centaur hits you with a +0 halberd!
You die...

#≈≈≈.≈≈.⌠.........⌠.
#≈≈≈.≈..............
#≈≈.≈≈....≈≈≈≈≈≈≈...
#≈≈.≈...≈≈≈~~~~~≈≈≈.
#≈≈.≈.o≈≈~~≈≈≈≈≈~≈≈≈
#≈≈.o..~~≈≈≈):?~~≈≈≈
#≈≈.≈o.≈≈~~≈≈≈≈≈~≈≈≈
#≈≈.≈c..≈≈≈~~~~~≈≈≈.
#≈≈@≈≈....≈≈≈≈≈≈≈...
#≈≈≈c≈..............
#≈≈≈c≈≈.⌠.........⌠.
#≈≈≈≈.≈.......).....
#≈≈≈≈o≈≈≈.........≈≈
#≈≈≈≈≈..≈≈≈.....≈≈≈.
#≈≈≈≈≈≈≈..≈≈≈≈≈≈≈..≈
##≈≈≈≈≈≈≈≈.c.o...≈≈≈
##≈≈≈≈≈≈≈≈≈≈≈≈≈≈≈≈≈


You could see 2 orc warriors, 3 centaurs and 2 orcs.

Vanquished Creatures
  2 two-headed ogres
  Pikel (D:5)
  Prince Ribbit (D:5)
  Grinder (D:4)
  Sigmund (D:3)
  Eustachio (D:4)
  A steam dragon (D:8)
  Edmund (D:4)
  Duvessa (D:5)
  12 orc warriors
  An ice beast (D:6)
  A sky beast (D:8)
  A black bear (D:4)
  4 centaurs
  2 lemures (D:5)
  2 kobold brigands
  2 scorpions (D:5)
  5 bullfrogs
  A gnoll sergeant (D:8)
  Dowan (D:5)
  A bombardier beetle (D:5)
  7 hounds
  Crazy Yiuf (D:3)
  A jelly (D:6)
  A gnoll bouda (D:6)
  7 orc priests
  Ijyb (D:5)
  5 iguanas
  4 orc wizards
  Natasha (thrice) (D:3)
  Robin (D:3)
  9 gnolls
  9 adders
  2 ufetubi (D:5)
  2 dart slugs (D:4)
  40 orcs
  9 endoplasms
  2 giant cockroaches
  15 goblins
  11 hobgoblins
  11 jackals
  3 quokkas
  3 ball pythons
  5 bats
  A frilled lizard (D:1)
  14 kobolds
  7 rats
217 creatures vanquished.

Vanquished Creatures (others)
  An orc warrior (Bailey)
  An orc (Bailey)
2 creatures vanquished.

Grand Total: 219 creatures vanquished

Notes
Turn   | Place    | Note
-------+----------+-------------------------------------------
     0 | D:1      | DWTD the Troll Gladiator began the quest for the Orb.
     0 | D:1      | Reached XP level 1. HP: 19/19 MP: 0/0
    86 | D:1      | Found Kaotyt's Antique Armour Boutique.
   139 | D:1      | Reached XP level 2. HP: 27/27 MP: 1/1
   656 | D:2      | Reached XP level 3. HP: 35/35 MP: 2/2
   693 | D:2      | Reached skill level 4 in Unarmed Combat
  1010 | D:3      | Noticed Natasha
  1022 | D:3      | Killed Natasha
  1023 | D:3      | Reached XP level 4. HP: 26/44 MP: 3/3
  1272 | D:3      | Found a runed translucent door.
  1273 | D:3      | Noticed Crazy Yiuf
  1302 | D:3      | Noticed Robin
  1319 | D:3      | Noticed Sigmund
  1327 | D:3      | Killed Robin
  1328 | D:3      | Reached XP level 5. HP: 53/53 MP: 4/4
  1343 | D:3      | Killed Sigmund
  1344 | D:3      | Reached skill level 5 in Unarmed Combat
  1344 | D:3      | Reached XP level 6. HP: 34/62 MP: 5/5
  1541 | D:3      | Noticed Natasha
  1548 | D:3      | Killed Natasha
  1680 | D:3      | Noticed Natasha
  1684 | D:3      | Killed Natasha
  1702 | D:3      | Killed Crazy Yiuf
  1740 | D:4      | Noticed Grinder
  1742 | D:4      | Noticed Edmund
  1754 | D:4      | Reached skill level 6 in Unarmed Combat
  1774 | D:4      | Killed Edmund
  1775 | D:4      | Reached XP level 7. HP: 44/71 MP: 6/6
  1806 | D:4      | Killed Grinder
  1807 | D:4      | Reached skill level 5 in Fighting
  2094 | D:4      | Noticed Eustachio
  2127 | D:4      | Killed Eustachio
  2128 | D:4      | Reached skill level 7 in Unarmed Combat
  2193 | D:4      | Reached XP level 8. HP: 72/81 MP: 7/7
  2577 | D:5      | Entered Level 5 of the Dungeon
  2843 | D:5      | Noticed Ijyb
  2857 | D:5      | Killed Ijyb
  2872 | D:5      | Noticed a two-headed ogre
  2880 | D:5      | Found a staircase to the Ecumenical Temple.
  2890 | D:5      | Killed a two-headed ogre
  2891 | D:5      | Reached skill level 8 in Unarmed Combat
  2901 | D:5      | Noticed Duvessa
  2902 | D:5      | Noticed Dowan
  2910 | D:5      | Killed Duvessa
  2913 | D:5      | Killed Dowan
  3127 | D:5      | Reached skill level 9 in Unarmed Combat
  3142 | D:5      | Reached XP level 9. HP: 83/93 MP: 8/8
  3543 | D:5      | Noticed Prince Ribbit
  3548 | D:5      | Killed Prince Ribbit
  3618 | D:5      | Noticed Pikel
  3637 | D:5      | Killed Pikel
  3777 | D:5      | Reached skill level 10 in Unarmed Combat
  4933 | D:7      | Found a transporter.
  4937 | D:7      | Noticed flestrin's ghost (novice MiBe)
  4940 | D:7      | Noticed a moth of wrath
  4952 | D:7      | Noticed a komodo dragon
  4960 | D:7      | Reached XP level 10. HP: 76/106 MP: 9/9
  5146 | D:7      | You fall into a shaft and drop 2 floors!
  5233 | D:8      | Reached skill level 11 in Unarmed Combat
  5412 | D:8      | Found a flagged portal.
  5412 | D:8      | Noticed a two-headed ogre
  5426 | D:8      | Killed a two-headed ogre
  5435 | Bailey   | Entered a bailey
  6126 | Bailey   | HP: 5/109 [orc/+0 halberd (7)]
  6127 | Bailey   | Mangled by a centaur

Illustrated notes

Levels and vault maps discovered:
D:1:      lightli_arrival_isolated_outpost, layout_loops_ring, serial_shops,
          nicolae_shop_rolling_square
D:2:      layout_rooms
D:3:      layout_rooms, minmay_bisected, uniq_natasha, uniq_sigmund, uniq_robin,
          uniq_crazy_yiuf_cottage
D:4:      layout_loops_cross, uniq_edmund, uniq_grinder, uniq_eustachio
D:5:      layout_layer_cave, temple_pool_b, glass_columns_a, minivault_14,
          uniq_duvessa, uniq_prince_ribbit1, uniq_ijyb, uniq_pikel
D:6:      layout_loops_cross
D:7:      layout_cave_pools, gammafunk_ghost_berserking_beasts
D:8:      layout_loops_cross, enter_bailey_5
D:9:      layout_basic, nicolae_vehumet_altar_sigil, minivault_16,
          minmay_misc_feat_nine_boxes
Bailey:   bailey_polearm_flooded_kennysheep, bailey

Skill      XL: |  1  2  3  4  5  6  7  8  9 10 |
---------------+-------------------------------+-----
Fighting       | 2 3 4 5 7 8 9 |  9.7
Unarmed Combat | 4 5 6 7 9 10 11 | 11.9
Throwing       | |  1.7
Dodging        | |  2.4

Action                     |  1- 3 |  4- 6 |  7- 9 | 10-12 || total
---------------------------+-------+-------+-------+-------++-------
  Melee: Unarmed           |    68 |   107 |   263 |   145 ||   583
         Punch             |     2 |     4 |    18 |     8 ||    32
  Throw: Throwing net      |       |       |     2 |     1 ||     3
  Evoke: Wand              |       |       |       |     2 ||     2
    Use: Potion            |     1 |       |     5 |     3 ||     9
   Stab: Sleeping          |     2 |     1 |       |       ||     3
         Held in net/web   |       |       |     2 |       ||     2
 Armour: Robe              |    40 |    60 |   218 |   214 ||   532
  Dodge: Dodged            |    40 |    43 |   134 |   117 ||   334
  Block: Other             |       |     6 |    43 |    52 ||   101
         Reflection        |       |       |     1 |       ||     1

Table legend: (Time is in decaauts)
 A = Elapsed time spent in this place.
 B = Non-inter-level travel time spent in this place.
 C = Inter-level travel time spent in this place.
 D = Time resting spent in this place.
 E = Time spent auto-exploring this place.
 F = Levels seen in this place.
 G = Mean time per level.
                   A        B        C        D        E       F      G
               +--------+--------+--------+--------+--------+-----+--------+
         Total |   6045 |   5850 |    195 |   1132 |   3125 |  10 |  604.5 |
       Dungeon |   5369 |   5174 |    195 |    835 |   3069 |   9 |  596.6 |
        Bailey |    676 |    676 |      0 |    297 |     56 |   1 |  676.0 |
               +--------+--------+--------+--------+--------+-----+--------+

Top non-repeatable levels by time:
     D:5: 1449 daAuts
     D:4: 830 daAuts
     D:6: 820 daAuts
     D:3: 736 daAuts
  Bailey: 676 daAuts
     D:1: 632 daAuts
     D:2: 361 daAuts
     D:7: 258 daAuts
     D:8: 248 daAuts
     D:9: 30 daAuts
